 Dungeon Crawl Stone Soup version 0.32-a0-30-gefbe487952 (webtiles) character file.

Game seed: 4722006691152457028

12281 mightbedylan the Fighter (level 11, -9/102 HPs)
             Began as a Minotaur Fighter on Jan 19, 2024.
             Was an Elder of Okawaru.
             Shot with an arrow by Nessos (18 damage)
             ... on level 2 of the Orcish Mines.
             The game lasted 00:49:30 (9070 turns).

mightbedylan the Fighter (Minotaur Fighter)         Turns: 9070, Time: 00:49:30

Health: -9/102     AC: 15    Str: 29    XL:     11   Next: 60%
Magic:  12/14      EV: 16    Int: 13    God:    Okawaru [****..]
Gold:   1128       SH:  7    Dex:  8    Spells: 10/10 levels left

rFire   . . .        r - +6 mace (protect)
rCold   + . .        c - +0 buckler
rNeg    . . .        p - +6 scale mail {rC+}
rPois   .            (helmet restricted)
rElec   .            (no cloak)
rCorr   .            (no gloves)
SInv    .            (no boots)
Will    .....        (no amulet)
Stlth   +            g - +5 ring of evasion
HPRegen 0.37/turn    n - +6 ring of strength
MPRegen 0.14/turn

%: no passive effects
@: lethally poisoned (-9 -> -10), heroic
A: horns 2, retaliatory headbutt, clever 2
a: Renounce Religion, Heroism, Finesse


You were on level 2 of the Orcish Mines.
You worshipped Okawaru.
Okawaru was greatly pleased with you.
You visited 3 branches of the dungeon, and saw 12 of its levels.
You also visited: Bailey.

You collected 1251 gold pieces.
You spent 123 gold pieces at shops.

Inventory:

Hand Weapons
 a - a +0 war axe
 r - a +6 mace of protection (weapon)
 t - a +0 shortbow
 D - a +2 scimitar of flaming
 H - a +4 war axe
Missiles
 s - 2 curare-tipped darts (quivered)
 E - 2 javelins
Armour
 b - a +1 scale mail
 c - a +0 buckler (worn)
 p - a +6 scale mail of cold resistance (worn)
Jewellery
 g - a +5 ring of evasion (left hand)
 i - a ring of positive energy
 j - a ring of willpower
 n - a +6 ring of strength (right hand)
 v - a +5 ring of evasion
 w - a ring of ice
Wands
 u - a wand of flame (11)
 y - a wand of charming (9)
 z - a wand of digging (6)
 A - a wand of iceblast (14)
 G - a wand of mindburst (7)
Scrolls
 e - a scroll of fear
 h - a scroll of poison
 k - a scroll of fog
 x - 2 scrolls of amnesia
 F - a scroll of identify
Potions
 f - 2 potions of lignification
 l - a potion of mutation
 q - a potion of enlightenment
 C - 2 potions of brilliance {unknown}


   Skills:
 * Level 11.5(16.5) Fighting
 + Level 8.8(16.3) Axes
 * Level 11.2(17.5) Maces & Flails
 + Level 9.2(14.2) Armour
 + Level 9.0(14.0) Shields
 + Level 5.5 Invocations


You had 10 spell levels left.
You didn't know any spells.
Your spell library contained the following spells:

 Spells                   Type           Power      Damage    Failure   Level
 Freeze                   Ice            0%         1d3       50%         1
 Blink                    Tloc           0%         N/A       65%         2
 Ensorcelled Hibernation  Hex/Ice        0%         N/A       65%         2
 Lesser Beckoning         Tloc           0%         N/A       65%         2
 Momentum Strike          Conj/Tloc      0%         3d8       65%         2
 Frozen Ramparts          Ice            0%         1d1       86%         3
 Fugue of the Fallen      Necr           0%         N/A       86%         3
 Hailstorm                Conj/Ice       0%         3d5       86%         3
 Passwall                 Erth           0%         N/A       86%         3
 Swiftness                Air            0%         N/A       86%         3
 Anguish                  Hex/Necr       0%         N/A       99%         4
 Leda's Liquefaction      Alch/Erth      0%         N/A       99%         4
 Petrify                  Alch/Erth      0%         N/A       99%         4
 Metabolic Englaciation   Hex/Ice        0%         N/A       100%        5


Dungeon Overview and Level Annotations

Branches:
Dungeon (9/15)             Temple (1/1) D:4            Lair (0/5) D:9
    Orc (2/2) D:9          Bailey (visited)
    Elf: Orc:2

Altars:
Ashenzari
Cheibriados
Dithmenos
Elyvilon
Fedhas
Gozag
Hepliaklqana
Makhleb
Nemelex Xobeh
Okawaru
Qazlal
Ru
Sif Muna
Trog
Uskayaw
Vehumet
Wu Jian
Xom
Yredelemnul
Zin

Shops:
D:4 ?

Annotations:
Orc:2 Nessos


Innate Abilities, Weirdness & Mutations

You have a pair of horns on your head.
You reflexively headbutt those who attack you in melee.
Your mind is very acute. (Int +8, Str/Dex -2)


Message History

You block the orc's attack. You block the orc warrior's attack.
The orc hits you with a +2 vampiric hand axe.
* * * LOW HITPOINT WARNING * * *
The orc draws strength from your wounds!
You feel better.
Nessos casts a spell.
Nessos blinks!
Nessos stands on their hind legs for a moment.
Nessos shoots an arrow.
The arrow hits you.
* * * LOW HITPOINT WARNING * * *
The arrow burns you.
You are poisoned.
* * * LOW HITPOINT WARNING * * *
Nessos shoots an arrow.
The arrow hits you!
* * * LOW HITPOINT WARNING * * *
The arrow burns you.
* * * LOW HITPOINT WARNING * * *
You block the orc's attack. You block the orc warrior's attack.
The orc closely misses you.
Okay, then.
As you read the scroll of fear, it crumbles to dust.
You assume a fearsome visage.
The orc warrior looks frightened!
The orc looks frightened! x2; Nessos resists with some effort.
You feel very sick.
Nessos casts a spell.
Nessos blinks!
You feel sick.
You feel sick.
Nessos pounds the earth with their hooves.
Nessos gestures wildly while chanting.
Nessos blinks!
You see here a +0 club.
You feel sick.
You feel more confident with your borrowed prowess.
You feel sick.
Nessos casts a spell.
Nessos blinks!
Okay, then.
You feel sick.
Nessos shoots an arrow.
The arrow hits you!!
You die...

~~ ##.........#
~~.♣.......§..#
~.....§§§.....#######
..♣..o§§§§..........##.
P....§§§§..............#
#....§§§§##............#
##...§§§###............##
....§.#§§.##......<...###
........@..###.)......##.
$.o.......#####.......#..
.....o..c.##.##......###.
.........#.#..##.)...##..
.....######.#...#...###..
+#.. ###..)))###... ##
##....)##....
##.....##.....
#......#......


You could see Nessos (fast), an orc warrior (fleeing) and an orc (fleeing).

Vanquished Creatures
  2 two-headed ogres
  Pikel (D:4)
  2 orc knights (Bailey)
  An orc sorcerer (Bailey)
  2 kobold blastminers
  A kobold demonologist (Bailey)
  4 trolls
  A queen bee (D:9)
  3 yaks (D:5)
  2 wargs
  16 orc warriors
  2 black bears (D:5)
  3 ice beasts
  A sky beast (D:6)
  2 wolves (D:9)
  A lemure (D:4)
  6 centaurs
  11 ogres
  2 phantoms (D:6)
  A kobold brigand (D:6)
  4 bullfrogs
  2 scorpions
  3 wights (D:9)
  21 killer bees
  3 howler monkeys
  An electric eel (Bailey)
  A jelly (D:6)
  A bombardier beetle (D:6)
  4 hounds
  A gnoll bouda (D:7)
  9 orc priests
  A sleepcap (D:8)
  4 iguanas
  15 orc wizards
  5 adders
  5 gnolls
  A shadow imp (D:6)
  2 white imps
  3 ribbon worms
  A dart slug (D:1)
  85 orcs
  5 ball pythons
  6 endoplasms
  15 goblins
  10 hobgoblins
  5 jackals
  2 quokkas
  3 bats
  6 frilled lizards
  12 kobolds
  7 rats
307 creatures vanquished.

Vanquished Creatures (others)
  An orc wizard (Orc:1)
1 creature vanquished.

Grand Total: 308 creatures vanquished

Notes
Turn   | Place    | Note
-------+----------+-------------------------------------------
     0 | D:1      | mightbedylan the Minotaur Fighter began the quest for the
                  | Orb.
     0 | D:1      | Reached XP level 1. HP: 19/19 MP: 0/0
    69 | D:1      | Reached XP level 2. HP: 25/27 MP: 1/1
   893 | D:2      | Reached XP level 3. HP: 31/33 MP: 2/2
  1456 | D:3      | Gained mutation: Your mind is acute. (Int +4, Str/Dex -1)
                  | [potion of mutation]
  1456 | D:3      | Gained mutation: Your mind is very acute. (Int +8, Str/Dex
                  | -2) [potion of mutation]
  1460 | D:3      | Found an opulent altar of Gozag.
  1466 | D:3      | Reached XP level 4. HP: 41/41 MP: 3/3
  1593 | D:3      | Found a blossoming altar of Fedhas.
  1866 | D:3      | Found a snail-covered altar of Cheibriados.
  1998 | D:4      | Reached skill level 1 in Maces & Flails
  2065 | D:4      | Found a staircase to the Ecumenical Temple.
  2090 | Temple   | Entered the Ecumenical Temple
  2210 | Temple   | Upgraded the game from 0.32-a0-22-g6ae6769602 to
                  | 0.32-a0-30-gefbe487952
  2210 | Temple   | Became a worshipper of Warmaster Okawaru
  2257 | D:4      | Noticed a scorpion
  2271 | D:4      | Killed a scorpion
  2272 | D:4      | Reached XP level 5. HP: 15/47 MP: 4/4
  2645 | D:4      | Found a stormy altar of Qazlal.
  2646 | D:4      | Noticed an ogre
  2652 | D:4      | Killed an ogre
  2653 | D:4      | Reached skill level 5 in Fighting
  2653 | D:4      | Reached skill level 5 in Armour
  2653 | D:4      | Reached XP level 6. HP: 56/56 MP: 5/5
  2680 | D:4      | Noticed Pikel
  2693 | D:4      | Killed Pikel
  2693 | D:4      | Reached * piety under Okawaru
  2693 | D:4      | Reached ** piety under Okawaru
  2694 | D:4      | Reached skill level 5 in Shields
  2694 | D:4      | Reached XP level 7. HP: 21/62 MP: 6/6
  2879 | D:4      | Found Xailu's Magic Scroll Shop.
  2897 | D:4      | Reached skill level 5 in Maces & Flails
  2931 | D:4      | Bought a scroll of brand weapon for 123 gold pieces
  3101 | D:4      | Found a burning altar of Makhleb.
  3176 | D:4      | Reached skill level 5 in Axes
  3319 | D:5      | Entered Level 5 of the Dungeon
  3366 | D:5      | Reached XP level 8. HP: 33/70 MP: 7/7
  3382 | D:5      | Reached skill level 1 in Invocations
  3849 | D:5      | Found a sparkling altar of Nemelex Xobeh.
  4029 | D:5      | Reached *** piety under Okawaru
  4269 | D:6      | Reached XP level 9. HP: 73/79 MP: 9/9
  4442 | D:6      | Found a hide-covered altar of Uskayaw.
  5080 | D:7      | Found a shadowy altar of Dithmenos.
  5395 | D:7      | Found a hazy altar of Hepliaklqana.
  5563 | D:8      | Reached **** piety under Okawaru
  5655 | D:8      | Found a flagged portal.
  5662 | Bailey   | Entered a bailey
  5795 | Bailey   | Noticed an orc knight
  5814 | Bailey   | Killed an orc knight
  5988 | Bailey   | Acquired 363 gold pieces
  5992 | Bailey   | Noticed a kobold demonologist
  6005 | Bailey   | Killed a kobold demonologist
  6006 | Bailey   | Reached XP level 10. HP: 91/91 MP: 11/11
  6019 | Bailey   | Found an iron altar of Okawaru.
  6019 | Bailey   | Noticed an orc sorcerer
  6034 | Bailey   | Killed an orc sorcerer
  6164 | Bailey   | Noticed an orc knight
  6184 | Bailey   | Killed an orc knight
  6395 | D:8      | Noticed a two-headed ogre
  6403 | D:8      | Killed a two-headed ogre
  6404 | D:8      | Reached skill level 10 in Fighting
  6972 | D:9      | Found a staircase to the Lair.
  6995 | D:9      | Reached ***** piety under Okawaru
  7032 | D:9      | Reached skill level 10 in Maces & Flails
  7249 | D:9      | Received a gift from Okawaru
  7264 | D:9      | Reached XP level 11. HP: 85/101 MP: 13/13
  7785 | D:9      | Reached skill level 5 in Invocations
  7932 | D:9      | Found a staircase to the Orcish Mines.
  7975 | Orc:1    | Entered Level 1 of the Orcish Mines
  8547 | Orc:2    | Entered Level 2 of the Orcish Mines
  8661 | Orc:2    | Noticed a two-headed ogre
  8671 | Orc:2    | Killed a two-headed ogre
  9050 | Orc:2    | Noticed Nessos
  9070 | Orc:2    | Shot with an arrow by Nessos

Illustrated notes

Levels and vault maps discovered:
D:1:      ebering_hopf_link, layout_basic
D:2:      layout_loops_cross
D:3:      layout_rooms, nicolae_gozag_cash_rules_everything_around_me,
          old_standard_altar, fedhas_altar_1, minmay_fractal_squares_5
D:4:      layout_cave_pods, mainiacjoe_overflow_catch_the_wave,
          minmay_temple_entry_proselytizer, serial_shops, nicolae_square_shop,
          minmay_misc_feat_x, uniq_pikel
D:5:      layout_loops_ring, lemuel_round_altar
D:6:      layout_basic, mainiacjoe_overflow_six_doors_small
D:7:      layout_loops_cross, mainiacjoe_overflow_24_doors,
          worldfamousw_hep_ancestral_shrine, minmay_misc_feat_pillars
D:8:      layout_basic, enter_bailey_3
D:9:      layout_gridville, erik_lair_orcish_takeover, minivault_7
Temple:   grunt_temple_mini_profane
Orc:1:    layout_caves, basic_altar
Orc:2:    pubby_orc_utopia, uniq_nessos

Skill      XL: |  1  2  3  4  5  6  7  8  9 10 11 |
---------------+----------------------------------+-----
Armour         | 4 5 6 7 8 9 |  9.2
Fighting       | 4 5 6 7 9 10 11 | 11.5
Shields        | 4 5 6 7 8 9 |  9.0
Axes           | 3 4 5 6 7 8 |  8.8
Maces & Flails | 2 3 4 5 7 8 10 11 | 11.2
Invocations    | 2 3 4 5 |  5.5

Action                     |  1- 3 |  4- 6 |  7- 9 | 10-12 || total
---------------------------+-------+-------+-------+-------++-------
  Melee: War axe           |    86 |     6 |       |       ||    92
         Headbutt          |     4 |     7 |    44 |    69 ||   124
         Mace              |       |    43 |   288 |   411 ||   742
  Throw: Javelin           |       |       |       |     1 ||     1
         Dart              |       |       |       |     2 ||     2
 Invoke: Heroism           |       |       |     6 |    11 ||    17
         Finesse           |       |       |       |     1 ||     1
    Use: Potion            |     4 |     1 |     3 |     6 ||    14
         Scroll            |     2 |       |    11 |     7 ||    20
 Armour: Scale mail        |    48 |    23 |   164 |   265 ||   500
  Dodge: Dodged            |    49 |    33 |   173 |   261 ||   516
  Block: Buckler           |    16 |     9 |    62 |   115 ||   202

Table legend: (Time is in decaauts)
 A = Elapsed time spent in this place.
 B = Non-inter-level travel time spent in this place.
 C = Inter-level travel time spent in this place.
 D = Time resting spent in this place.
 E = Time spent auto-exploring this place.
 F = Levels seen in this place.
 G = Mean time per level.
                   A        B        C        D        E       F      G
               +--------+--------+--------+--------+--------+-----+--------+
         Total |   8977 |   8766 |    211 |    536 |   6105 |  13 |  690.5 |
       Dungeon |   7107 |   6931 |    176 |    368 |   5117 |   9 |  789.7 |
        Temple |    149 |    126 |     23 |      0 |      0 |   1 |  149.0 |
  Orcish Mines |   1047 |   1036 |     11 |      0 |    764 |   2 |  523.5 |
        Bailey |    673 |    673 |      0 |    168 |    223 |   1 |  673.0 |
               +--------+--------+--------+--------+--------+-----+--------+

Top non-repeatable levels by time:
     D:4: 1201 daAuts
     D:9: 951 daAuts
     D:1: 903 daAuts
     D:5: 854 daAuts
     D:7: 810 daAuts
     D:8: 741 daAuts
  Bailey: 673 daAuts
     D:2: 579 daAuts
   Orc:1: 545 daAuts
     D:3: 534 daAuts
     D:6: 531 daAuts
   Orc:2: 501 daAuts
  Temple: 149 daAuts
